 Dungeon Crawl Stone Soup version 0.27.1-4-g1640c2035a (webtiles) character file.

Game seed: 15614400191987177341

14 zeram the Sneak (level 2, 0/30 HPs)
             Began as a Gnoll Enchanter on Nov 17, 2021.
             Slain by a white imp (5 damage)
             ... summoned by Natasha
             ... on level 2 of the Dungeon.
             The game lasted 00:01:03 (1653 turns).

zeram the Sneak (Gnoll Enchanter)                   Turns: 1653, Time: 00:01:03

Health: 0/30       AC: 21    Str:  7    XL:     2   Next: 45%
Magic:  7/7        EV:  2    Int: 14    God:
Gold:   47         SH:  0    Dex: 12    Spells: 9/10 levels left

rFire    . . .     SeeInvis .   a - +1 dagger
rCold    . . .     Faith    .   (no shield)
rNeg     + + +     Spirit   .   (armour currently unavailable)
rPois    +         Reflect  .   (helmet currently unavailable)
rElec    .         Harm     .   (cloak currently unavailable)
rCorr    .         Rampage  .   (gloves currently unavailable)
Will     .....     NoTele   +   (boots currently unavailable)
Stlth    +++.......             (no amulet)
HPRegen  0.10/turn              (no ring)
MPRegen  0.10/turn              (no ring)

@: tree-form (expiring), slowed, very slow
A: stationary, stasis, torment immunity, boosted hp, (fangs 1), strong nose,
distributed training
a: no special abilities


You were on level 2 of the Dungeon.
You were a tree.
You visited 1 branch of the dungeon, and saw 2 of its levels.

You collected 47 gold pieces.

Inventory:

Hand Weapons
 a - a +1 dagger (weapon)
Armour
 b - a +1 robe (melded)
Jewellery
 e - an amulet of guardian spirit


   Skills:
 + Level 0.4 Fighting
 + Level 2.5 Short Blades
 + Level 0.4 Long Blades
 + Level 0.4 Axes
 + Level 0.4 Maces & Flails
 + Level 0.4 Polearms
 + Level 0.4 Staves
 + Level 0.4 Slings
 + Level 0.4 Bows
 + Level 0.4 Crossbows
 + Level 0.4 Throwing
 + Level 0.4 Armour
 + Level 4.5 Dodging
 + Level 5.9 Stealth
 + Level 0.4 Shields
 + Level 0.4 Unarmed Combat
 + Level 4.9 Spellcasting
 + Level 0.2 Conjurations
 + Level 5.3 Hexes
 + Level 0.2 Summonings
 + Level 0.2 Necromancy
 + Level 0.2 Translocations
 + Level 0.2 Transmutations
 + Level 0.2 Fire Magic
 + Level 0.2 Ice Magic
 + Level 0.2 Air Magic
 + Level 0.2 Earth Magic
 + Level 0.2 Poison Magic
 + Level 0.5 Invocations
 + Level 0.4 Evocations


You had 9 spell levels left.
You knew the following spells:

 Your Spells              Type           Power      Damage    Failure   Level
a - Corona                Hex            20%        N/A       1%          1

Your spell library contained the following spells:

 Spells                   Type           Power      Damage    Failure   Level
 Confusing Touch          Hex            18%        N/A       6%          3
 Tukima's Dance           Hex            18%        N/A       6%          3
 Ensorcelled Hibernation  Hex/Ice        22%        N/A       9%          2
 Dazzling Flash           Conj/Hex       22%        N/A       17%         3


Dungeon Overview and Level Annotations

Branches:
Dungeon (2/15)

Altars:

Annotations:
D:2 Natasha


Innate Abilities, Weirdness & Mutations

You are a tree.
Your roots penetrate the ground, keeping you stationary.
You cannot be teleported.
You are immune to unholy pain and torment.
Your maximum health is greatly increased.
Your equipment is partially melded.
((You have very sharp teeth.))
Your uncanny sense of smell can sniff out nearby items.
Your experience applies equally to all skills.


Message History

You hit Natasha but do no damage.
Natasha zaps a wand.
You resist with significant effort.
You barely miss Natasha.
Natasha casts a spell.
Natasha claws you but does no damage.
You hit Natasha.
Natasha is lightly wounded.
Natasha claws you but does no damage.
The white imp hits you but does no damage.
You closely miss Natasha.
Natasha is lightly wounded.
Natasha zaps a wand.
The white imp barely misses you.
You barely miss Natasha.
Natasha is lightly wounded.
Natasha zaps a wand.
You resist with significant effort. The white imp hits you.
The white imp freezes you.
Natasha zaps a wand.
The white imp hits you but does no damage.
You closely miss Natasha.
Natasha is lightly wounded.
Your transformation is almost over.
Natasha wildly gestures.
Natasha shimmers violently.
Natasha claws you but does no damage. The white imp gestures at you.
The puff of frost hits you but does no damage.
You hit Natasha but do no damage.
Natasha is lightly wounded.
Natasha claws you but does no damage. The white imp hits you.
The white imp freezes you.
You hit Natasha but do no damage.
Natasha is lightly wounded.
Natasha zaps a wand.
The white imp hits you. The white imp freezes you.
You hit Natasha but do no damage.
Natasha is lightly wounded.
Natasha claws you!
* * * LOW HITPOINT WARNING * * *
The white imp hits you.
* * * LOW HITPOINT WARNING * * *
The white imp freezes you.
You die...

#...........
#...........
##....##### #....#
###..# #. #..#
#...####[.#
..........#####.###
##.........♣h......
..........5.....##.
###.####..####### #
#... #.#.. #.#.##
#.#.# #....


You could see Natasha and a white imp (summoned).

Vanquished Creatures
  2 endoplasms
  2 giant cockroaches (D:1)
  3 hobgoblins (D:1)
  A kobold (D:2)
  A bat (D:2)
  A frilled lizard (D:1)
  3 rats
13 creatures vanquished.

Notes
Turn   | Place    | Note
-------+----------+-------------------------------------------
     0 | D:1      | zeram the Gnoll Enchanter began the quest for the Orb.
     0 | D:1      | Reached XP level 1. HP: 13/13 MP: 6/6
   133 | D:1      | Found a faded altar of an unknown god.
  1036 | D:1      | Reached XP level 2. HP: 16/19 MP: 7/7
  1639 | D:2      | Noticed Natasha
  1653 | D:2      | Slain by a white imp

Illustrated notes

Levels and vault maps discovered:
D:1:      sevenhm_arrival_forest_fort_large_1, layout_loops_ring,
          ebering_ecumenical_altar_rust, columned_hall_lemuel,
          minmay_misc_feat_nine_boxes
D:2:      layout_basic, uniq_natasha, uniq_crazy_yiuf_cottage

Action                   || total
-------------------------++-------
Melee: Dagger            ||    91
       Bite              ||     5
  Use: Scroll            ||     3
 Stab: Sleeping          ||     3
Armor: Robe              ||    15
       Skin              ||     7
Dodge: Dodged            ||    57
